 Dungeon Crawl Stone Soup version 0.32-a0-841-g4648e6c457 (webtiles) character file.

Game seed: 11535433959406325195

52 Shayle the Apothecary (level 3, 0/40 HPs)
             Began as a Coglin Alchemist on Mar 26, 2024.
             Was an Initiate of Beogh.
             Succumbed to a scorpion's poison
             ... on level 4 of the Dungeon.
             The game lasted 00:05:10 (1455 turns).

Shayle the Apothecary (Coglin Alchemist)            Turns: 1455, Time: 00:05:10

Health: 0/40       AC: 21    Str:  8    XL:     3   Next: 85%
Magic:  4/5        EV:  2    Int: 14    God:    Beogh [......]
Gold:   46         SH:  0    Dex: 16    Spells: 4/5 levels left

rFire   . . .        i - +1 whip (vamp) {Zoran}
rCold   . . .        q - +2 dagger of the Kissing Gods {flame, rElec rCorr}
rNeg    . . .        o - melded +0 scale mail
rPois   +            (helmet currently unavailable)
rElec   +            e - melded +0 cloak
rCorr   +            (gloves currently unavailable)
SInv    .            (boots currently unavailable)
Will    .....        (no amulet)
Stlth   ++           (no ring)
HPRegen 0.26/turn    (no ring)
MPRegen 0.09/turn    (no gizmo)

%: no passive effects
@: lethally poisoned (0 -> -2), tree-form, revved
A: stationary, stasis, torment immunity, boosted hp, off-hand wielding, slow
wielding, warmup strikes, (no jewellery)
a: Invent Gizmo, Renounce Religion


You were on level 4 of the Dungeon.
You worshipped Beogh.
Beogh was noncommittal.
You were a tree.
You visited 1 branch of the dungeon, and saw 4 of its levels.

You collected 46 gold pieces.

Inventory:

Hand Weapons
 i - a +1 vampiric whip (weapon) {Zoran}
 k - a +0 dagger {Suphaphon}
 l - a +0 sling
 n - a +0 mace {Ilse}
 q - the +2 dagger of the Kissing Gods (offhand) {flame, rElec rCorr}
   (You found it on level 3 of the Dungeon)

   rElec:     It insulates you from electricity.
   rCorr:     It protects you from acid and corrosion.
Missiles
 d - 3 boomerangs
 p - 4 javelins
Armour
 a - a +0 robe
 e - a +0 cloak (melded)
 o - a +0 scale mail (melded)
Scrolls
 c - a scroll of fear
 g - a scroll of poison {unknown}
 j - a scroll of summoning {unknown}
 m - a scroll of amnesia {unknown}
Potions
 b - a potion of magic


   Skills:
 + Level 2.1 Fighting
 + Level 1.8 Ranged Weapons
 + Level 0.5 Armour
 - Level 1.7 Dodging
 - Level 1.5 Stealth
 - Level 1.7 Spellcasting
 - Level 0.8 Conjurations
 - Level 3.2 Alchemy


You had 4 spell levels left.
You knew the following spells:

 Your Spells              Type           Power      Damage    Failure   Level
a - Sting                 Conj/Alch      28%        1d4       11%         1

Your spell library contained the following spells:

 Spells                   Type           Power      Damage    Failure   Level
 Mercury Vapours          Alch/Air       10%        N/A       19%         2
 Mephitic Cloud           Conj/Alch/Air  5%         N/A       38%         3
 Olgreb's Toxic Radiance  Alch           10%        N/A       54%         4
 Fugue of the Fallen      Necr           1%         N/A       58%         3
 Ozocubu's Armour         Ice            1%         N/A       58%         3
 Sticky Flame             Fire/Alch      5%         2d4       77%         4
 Manifold Assault         Tloc           1%         N/A       94%         4


Dungeon Overview and Level Annotations

Branches:
Dungeon (4/15)
 Temple: D:4-7

Altars:
Elyvilon

Annotations:
D:2 Sigmund


Innate Abilities, Weirdness & Mutations

You are a tree.
Your roots penetrate the ground, keeping you stationary.
You cannot be teleported.
You are immune to unholy pain and torment.
Your maximum health is greatly increased.
Your equipment is partially melded.
You can wield a second weapon in your off-hand.
It takes a long time for you to wield or remove held weapons.
Your first few attacks do less damage.
((You cannot equip rings or amulets.))


Message History

You feel very sick.
The scorpion stings you but does no damage. x2
Unknown command.
You hit the scorpion but do no damage.
The scorpion is moderately wounded.
You hit the scorpion but do no damage.
* * * LOW HITPOINT WARNING * * *
You feel sick.
The scorpion stings you but does no damage.
Unknown command.
Casting: Sting (safe; 11% risk of failure)
Confirm with . or Enter, or press ? or * to list all spells.
Aiming: Sting (safe; 11% risk of failure)
Press: ? - help, Shift-Dir - straight line, f - scorpion
Aim: a scorpion (moderately wounded, 68% to hit)
The sting hits the scorpion but does no damage.
The scorpion is poisoned.
The scorpion is moderately wounded.
* * * LOW HITPOINT WARNING * * *
You feel sick.
The scorpion stings you but does no damage.
Okay, then.
You hit the scorpion but do no damage.
The scorpion is moderately wounded.
You barely miss the scorpion with your +1 vampiric whip.
* * * LOW HITPOINT WARNING * * *
You feel sick.
The scorpion stings you but does no damage.
Unknown command.
You hit the scorpion but do no damage.
The scorpion is heavily wounded.
You hit the scorpion but do no damage.
* * * LOW HITPOINT WARNING * * *
You feel sick.
The scorpion stings you but does no damage. x2
Unknown command.
You closely miss the scorpion with the +2 dagger of the Kissing Gods.
The scorpion is heavily wounded.
You hit the scorpion but do no damage.
You die...

.......# .......#
.......# #......####
.....##<# ###
...##.#
.....###.##.# #
/.....s♣..#.##.#.###
.....###............
..$......##.##.#####
# ...^.....# #
..........#
....##.##.# ###.
#.##.# # .###.. #
...


You could see a scorpion (poisoned).

Vanquished Creatures
  2 adders
  4 orcs (D:3)
  4 ball pythons (D:1)
  2 endoplasms
  3 giant cockroaches (D:1)
  A goblin (D:1)
  3 hobgoblins
  3 quokkas
  A bat (D:1)
  4 frilled lizards
  2 rats (D:1)
29 creatures vanquished.

Vanquished Creatures (others)
  A butterfly (D:3)
1 creature vanquished.

Grand Total: 30 creatures vanquished

Notes
Turn   | Place    | Note
-------+----------+-------------------------------------------
     0 | D:1      | Shayle the Coglin Alchemist began the quest for the Orb.
     0 | D:1      | Reached XP level 1. HP: 13/13 MP: 3/3
   119 | D:1      | You fall into a shaft and drop 1 floor!
   170 | D:1      | Reached skill level 1 in Fighting
   170 | D:1      | Reached XP level 2. HP: 21/21 MP: 1/4
   497 | D:1      | Reached skill level 1 in Ranged Weapons
   909 | D:2      | Found a faded altar of an unknown god.
  1030 | D:2      | Noticed Sigmund
  1051 | D:3      | Noticed a bombardier beetle
  1098 | D:3      | Reached XP level 3. HP: 27/27 MP: 3/5
  1105 | D:3      | Became a worshipper of Beogh the Shepherd
  1106 | D:3      | Found a white marble altar of Elyvilon.
  1176 | D:3      | Found the Hermit's Pendant {Faith Invo=14 Evo=0 MP+5}
  1230 | D:3      | Identified the +2 dagger of the Kissing Gods {flame, rElec
                  | rCorr}
  1439 | D:4      | Noticed a scorpion
  1452 | D:4      | HP: 2/40 [poisoned by a scorpion]
  1455 | D:4      | Succumbed to a scorpion's poison

Illustrated notes

Levels and vault maps discovered:
D:1:      scummos_arrival_gate, layout_loops_ring
D:2:      layout_rooms, ebering_ecumenical_altar_abandoned, uniq_jessica,
          uniq_sigmund
D:3:      layout_loops_ring, mainiacjoe_overflow_alcove_3,
          nicolae_elyvilon_peaceful_grove
D:4:      layout_basic, nicolae_overflow_crystal_walls

Skill      XL: |  1  2  3 |
---------------+----------+-----
Fighting       | 1 2 |  2.1
Ranged Weapons | 1 |  1.8
Armour         | |  0.5
Dodging        | |  1.7
Stealth        | |  1.5
Spellcasting   | |  1.7
Conjurations   | |  0.8
Alchemy        | |  3.2

Action                     || total
---------------------------++-------
  Melee: Unarmed           ||     5
         Whip              ||    55
         Dagger            ||    28
         Mace              ||     2
   Cast: Sting             ||    22
 Invoke: Convert to Beogh  ||     1
    Use: Scroll            ||     2
         Potion            ||     1
 Armour: Robe              ||    24
         Scale mail        ||    11
         Skin              ||     8
  Dodge: Dodged            ||    47

Table legend: (Time is in decaauts)
 A = Elapsed time spent in this place.
 B = Non-inter-level travel time spent in this place.
 C = Inter-level travel time spent in this place.
 D = Time resting spent in this place.
 E = Time spent auto-exploring this place.
 F = Levels seen in this place.
 G = Mean time per level.
                   A        B        C        D        E       F      G
               +--------+--------+--------+--------+--------+-----+--------+
         Total |   1460 |   1449 |     11 |    168 |    823 |   4 |  365.0 |
       Dungeon |   1460 |   1449 |     11 |    168 |    823 |   4 |  365.0 |
               +--------+--------+--------+--------+--------+-----+--------+

Top non-repeatable levels by time:
     D:1: 894 daAuts
     D:3: 277 daAuts
     D:2: 154 daAuts
     D:4: 133 daAuts
